 Dungeon Crawl Stone Soup version 0.30-a0-950-gbf40cfac39 (webtiles) character file.

Game seed: 13411321725114576975

20278 112233 the Spry (level 12, -1/61 HPs)
             Began as a Felid Monk on Mar 28, 2023.
             Was an Initiate of Gozag.
             Slain by a cane toad (62 damage)
             ... on level 5 of the Lair of Beasts.
             The game lasted 00:51:03 (33392 turns).

112233 the Spry (Felid Monk)                       Turns: 33392, Time: 00:51:03

Health: -1/61      AC:  7    Str:  6    XL:     12   Next: 43%
Magic:  21/21      EV:  4    Int: 19    God:    Gozag
Gold:   375        SH:  0    Dex: 19    Spells: 0/24 levels left
                                        Lives:  0   Deaths: 2

rFire   . . .      SeeInvis +      - Unarmed
rCold   + . .      Faith    .    (shield unavailable)
rNeg    . . .      Spirit   .    (body armour unavailable)
rPois   .          Reflect  .    (helmet unavailable)
rElec   .          Rampage  .    (cloak unavailable)
rCorr   .                        (gloves unavailable)
Will    +....                    (boots unavailable)
Stlth   +++++                    (no amulet)
HPRegen 0.30/turn                e - +4 ring of protection
MPRegen 0.17/turn                m - +4 ring of slaying

@: sleeping, quick
A: very small, claws 1, fangs 3, see invisible, speed 1, shaggy fur 3, stealthy
paws, no weapons or thrown items, no armour, multi-lived, large bone plates 1,
clever 1, low MP 1, wild magic 1
a: Renounce Religion, Potion Petition, Call Merchant, Bribe Branch


You were on level 5 of the Lair of Beasts.
You worshipped Gozag.
Gozag was aware of your devotion.
You visited 4 branches of the dungeon, and saw 23 of its levels.
You also visited: Gauntlet.

You collected 4803 gold pieces.
You spent 2928 gold pieces at shops.
You paid 1500 gold pieces to Gozag.

Inventory:

Jewellery
 c - a +5 ring of evasion
 e - a +4 ring of protection (left paw)
 l - a +4 ring of protection
 m - a +4 ring of slaying (right paw)
 x - the ring "Fuxor" {Fly rPois}
   (You found it on level 7 of the Dungeon)

   [ring of poison resistance]

   rPois:     It protects you from poison.
   Fly:       It grants you flight.
 I - a ring of wizardry
Wands
 i - a wand of polymorph (12)
 u - a wand of digging (10)
Scrolls
 a - 3 scrolls of enchant armour
 d - 3 scrolls of vulnerability
 f - a scroll of brand weapon
 g - 4 scrolls of poison
 h - 3 scrolls of teleportation
 k - 4 scrolls of enchant weapon
 n - 3 scrolls of immolation
 q - 5 scrolls of amnesia
 t - a scroll of butterflies {unknown}
 w - 2 scrolls of fog {unknown}
 y - 2 scrolls of noise
 B - 2 scrolls of fear
 H - a scroll of silence
 J - 2 scrolls of identify
 K - 2 scrolls of magic mapping
Potions
 b - a potion of cancellation
 j - a potion of brilliance
 o - 3 potions of attraction
 p - 2 potions of haste
 s - 3 potions of flight
 A - 2 potions of magic
Miscellaneous
 E - a box of beasts (inert)
 F - a condenser vane (inert)


   Skills:
 + Level 12.3 Fighting
 + Level 17.2 Dodging
 - Level 10.2 Stealth
 * Level 12.6 Unarmed Combat
 + Level 6.8 Spellcasting
 + Level 8.4 Transmutations
 + Level 7.0 Air Magic


You couldn't memorise any spells.
You knew the following spells:

 Your Spells              Type           Power      Damage    Failure   Level
a - Blink                 Tloc           16%        N/A       22%         2
b - Storm Form            Tmut/Air       23%        N/A       99%         7
c - Airstrike             Air            21%        2d(4-20)  10%         4
d - Passwall              Tmut/Erth      24%        N/A       4%          2
e - Swiftness             Air            43%        N/A       3%          3
f - Wereblood             Tmut           50%        N/A       1%          2
g - Irradiate             Conj/Tmut      14%        3d16      54%         5

Your spell library contained the following spells:

 Spells                   Type           Power      Damage    Failure   Level
 Poisonous Vapours        Pois/Air       50%        N/A       6%          2
 Ignite Poison            Fire/Tmut/Pois 22%        N/A       14%         3
 Necrotise                Necr           32%        1d5       16%         1
 Slow                     Hex            32%        N/A       16%         1
 Ensorcelled Hibernation  Hex/Ice        16%        N/A       22%         2
 Lesser Beckoning         Tloc           16%        N/A       22%         2
 Momentum Strike          Conj/Tloc      16%        3d8       22%         2
 Sublimation of Blood     Necr           8%         N/A       22%         2
 Ice Form                 Ice/Tmut       29%        N/A       26%         4
 Petrify                  Tmut/Erth      29%        N/A       26%         4
 Confusing Touch          Hex            8%         N/A       38%         3
 Dazzling Flash           Conj/Hex       16%        N/A       38%         3
 Hailstorm                Conj/Ice       8%         3d4       38%         3
 Stone Arrow              Conj/Erth      16%        3d8       38%         3
 Vampiric Draining        Necr           8%         2d6       38%         3
 Iskenderun's Mystic Bla  Conj/Tloc      8%         2d4       78%         4
 Agony                    Necr           8%         N/A       98%         5
 Conjure Ball Lightning   Conj/Air       12%        3x3d6     99%         6
 Starburst                Conj/Fire      4%         6d3       100%        6
 Haunt                    Necr/Summ      4%         N/A       100%        7
 Summon Hydra             Summ           4%         N/A       100%        7
 Borgnjor's Revivificati  Necr           4%         N/A       100%        8
 Infestation              Necr           4%         N/A       100%        8
 Lehudib's Crystal Spear  Conj/Erth      4%         10d3      100%        8
 Maxwell's Capacitive Co  Air            21%        ∞         100%        8
 Necromutation            Tmut/Necr      14%        N/A       100%        8
 Animate Armour           Summ/Erth      Unusable   N/A       N/A         4
 Animate Dead             Necr           Unusable   N/A       N/A         4
 Simulacrum               Ice/Necr       Unusable   N/A       N/A         6

Dungeon Overview and Level Annotations

Branches:
Dungeon (15/15)            Temple (1/1) D:5            Lair (5/5) D:8
 Shoals (0/4) Lair:2        Snake (0/4) Lair:3        Slime (0/5) Lair:5
    Orc (2/2) D:9         Gauntlet (visited)
    Elf: Orc:2       Vaults: D:13-14     Depths: D:15

Altars:
Ashenzari
Elyvilon
Fedhas
Gozag
Hepliaklqana
Kikubaaqudgha
Nemelex Xobeh
Qazlal
Ru
Uskayaw
Zin
The Shining One
Jiyva

Shops:
D:4 [   D:11 :*(*[

Annotations:
D:5 exclusion: downstairs
D:6 Duvessa, Maggie
D:8 exclusion: downstairs
D:9 exclusion: downstairs
D:11 3 runed translucent doors, glosham's ghost, novice MeDe
D:12 3 runed translucent doors
D:13 exclusion: downstairs, Erolcha
Lair:1 exclusion: downstairs
Lair:2 exclusion: 2 downstairs
Lair:4 exclusions: 2 downstairs and upstairs


Innate Abilities, Weirdness & Mutations

You have sharp claws.
You have razor-sharp teeth.
You have supernaturally acute eyesight. (SInv)
You cover ground quickly. (Speed+)
Your thick and shaggy fur keeps you warm. (AC +3, rC+)
Your paws help you pounce on unaware monsters.
You are incapable of wielding weapons or throwing items.
You cannot wear armour.
You gain extra lives every three experience levels.
You are partially covered in large bone plates. (SH +4)
Your mind is acute. (Int +4, Str/Dex -1)
Your magical capacity is low. (-10% MP)
Your spells are a little harder to cast, but a little more powerful.


Message History

You are too injured to fight recklessly!
You claw the polar bear! You bite the polar bear.
The polar bear is severely wounded.
The polar bear goes berserk!
You claw the polar bear!
The polar bear is almost dead.
The polar bear bites you!!
* * * LOW HITPOINT WARNING * * *
The polar bear completely misses you. x2
You scratch the polar bear but do no damage.
You claw the polar bear.
The polar bear is almost dead.
The polar bear completely misses you. x2; The polar bear misses you.
You mangle the polar bear!!
You kill the polar bear!
You mangle the elephant!! You claw the elephant!!
The elephant is heavily wounded.
The elephant tramples you!
You die...
You hold your ground!
The elephant closely misses you.
You are now level 12!
You rejoin the land of the living...
Found a potion of magic.
A cane toad and 5 dream sheep come into view.
Unknown command.
Unknown command.
There are monsters nearby!
The cane toad croaks.
The dream sheep bleats! x3
You claw the cane toad! x2
The cane toad is heavily wounded.
You hear a bleat!
You hear an angry hiss.
The cane toad completely misses you. The cane toad closely misses you.
The dream sheep are wreathed in dream dust.
You feel drowsy...
You fall asleep.
The cane toad barely misses you. x2
A dream sheep comes into view.
The cane toad closely misses you. The cane toad stings you!!!
Ouch! That really hurt!
You die...
Your body crumbles into a pile of gold.

#########
........##
.........## #
..........#.#
............###
......!@F......
.......F.......
...............
##..#.#..#...Y.
#. ##......YY.
# ...#..YY.
....P ... .....
...Y


You could see 2 cane toads and 6 dream sheep.

Vanquished Creatures
  Gastronok (Lair:4)
  An orc warlord (D:15)
  2 dire elephants
  A minotaur (Gauntlet)
  Josephine (D:10)
  Fannar (D:11)
  A hydra (Lair:3)
  2 centaur warriors (D:13)
  4 two-headed ogres
  Erica (D:10)
  2 tengu warriors (D:13)
  Sonja (D:11)
  A skyshark (Lair:4)
  3 lindwurms
  3 cyclopes
  Maurice (D:11)
  26 elephants
  3 black mambas
  3 gargoyles
  A torpor snail (Lair:1)
  4 unseen horrors
  4 cane toads
  Psyche (D:10)
  A komodo dragon (Lair:2)
  A yaktaur (D:13)
  A freezing wraith (D:15)
  3 tengu conjurers (D:13)
  5 trolls
  3 polar bears (Lair:5)
  A tarantella (shapeshifter) (D:15)
  A wind drake (Lair:1)
  11 blink frogs
  4 dream sheep (Lair:1)
  A spriggan (Lair:3)
  A ynoxinul (Gauntlet)
  5 wraiths (D:10)
  32 yaks
  10 humans (D:13)
  4 basilisks
  2 steam dragons
  5 wyverns
  Grum (D:11)
  A warg (D:15)
  7 vampire mosquitoes
  3 nagas (Lair:3)
  9 water moccasins
  2 acid dragons
  A floating eye (Lair:3)
  2 ice beasts
  12 orc warriors
  3 ogres
  4 boggarts (D:15)
  20 wolves
  8 centaurs
  2 phantoms (D:5)
  8 bullfrogs
  4 gnoll sergeants
  3 scorpions
  4 wights (D:9)
  21 killer bees
  5 howler monkeys
  11 orc priests
  2 jellies
  2 gnoll boudas
  3 hounds (D:5)
  A sleepcap (D:7)
  An iguana (D:5)
  29 orc wizards
  5 hell rats (Lair:1)
  24 gnolls
  7 adders
  A white imp (D:6)
  An ufetubus (D:5)
  2 worms
  2 dart slugs (D:1)
  74 orcs
  5 bats
  5 endoplasms
  2 giant cockroaches (D:4)
  5 goblins
  7 hobgoblins
  A jackal (D:4)
  4 kobolds
  2 quokkas
  9 ball pythons
  6 frilled lizards
  2 rats
492 creatures vanquished.

Vanquished Creatures (others)
  115 fungi
  114 plants
229 creatures vanquished.

Grand Total: 721 creatures vanquished

Notes
Turn   | Place    | Note
-------+----------+-------------------------------------------
     0 | D:1      | 112233 the Felid Monk began the quest for the Orb.
     0 | D:1      | Reached XP level 1. HP: 10/10 MP: 2/2
   152 | D:1      | Reached XP level 2. HP: 14/14 MP: 3/3
   511 | D:1      | Reached XP level 3. HP: 17/17 MP: 4/4
   995 | D:2      | Identified the +5 scimitar of Tubobupo {freeze, rPois
                  | Int+5}
  1004 | D:2      | Found a faded altar of an unknown god.
  1017 | D:2      | Found a broken altar of Ashenzari.
  1137 | D:2      | Reached XP level 4. HP: 21/21 MP: 5/5
  1503 | D:3      | Found a hazy altar of Hepliaklqana.
  1711 | D:3      | Reached skill level 5 in Dodging
  1763 | D:3      | Reached XP level 5. HP: 19/25 MP: 6/6
  2322 | D:4      | Found Osann's Antique Armour Boutique.
  2452 | D:4      | Reached skill level 5 in Stealth
  2621 | D:4      | Gained mutation: You are covered in thick fur. (AC +2)
                  | [Felid growth]
  2621 | D:4      | Reached XP level 6. HP: 28/28 MP: 7/7
  2911 | D:5      | Entered Level 5 of the Dungeon
  2941 | D:5      | Found an ancient bone altar of Kikubaaqudgha.
  3145 | D:6      | Noticed Maggie
  3221 | D:5      | Found a staircase to the Ecumenical Temple.
  3225 | Temple   | Entered the Ecumenical Temple
  3477 | Temple   | Became a worshipper of Gozag Ym Sagoz the Greedy
  3506 | D:5      | Reached skill level 6 in Dodging
  3837 | D:5      | Reached XP level 7. HP: 30/33 MP: 8/8
  3903 | D:5      | Reached skill level 5 in Fighting
  3908 | D:5      | Reached skill level 5 in Unarmed Combat
  4218 | D:5      | Reached skill level 7 in Dodging
  4495 | D:6      | Reached XP level 8. HP: 27/37 MP: 9/9
  5282 | D:6      | Noticed Duvessa
  5520 | D:7      | Reached skill level 8 in Dodging
  5880 | D:7      | Identified the ring "Fuxor" {Fly rPois}
  6324 | D:8      | Found a staircase to the Lair.
  6541 | D:8      | Reached XP level 9. HP: 41/42 MP: 10/10
  6558 | D:8      | Noticed a red ugly thing
  6558 | D:8      | Noticed a cyclops
  6887 | D:10     | Entered Level 10 of the Dungeon
  6898 | D:9      | Gained mutation: Your magical capacity is low. (-10% MP)
                  | [potion of mutation]
  6898 | D:9      | Gained mutation: Your spells are a little harder to cast,
                  | but a little more powerful. [potion of mutation]
  6898 | D:9      | Gained mutation: You are partially covered in large bone
                  | plates. (SH +4) [potion of mutation]
  6898 | D:9      | Gained mutation: Your mind is acute. (Int +4, Str/Dex -1)
                  | [potion of mutation]
  6899 | D:9      | Reached skill level 13 in Dodging
  6899 | D:9      | Reached XP level 10. HP: 34/49 MP: 10/10
  7324 | D:9      | Identified the +6 hand axe of Xyecootatu {speed, Fragile
                  | Will++ Int+2 SInv}
  7553 | D:9      | Found a staircase to the Orcish Mines.
  8548 | D:8      | You fall into a shaft and drop 3 floors!
  8553 | D:11     | Noticed Sonja
  8601 | D:11     | Noticed Grum
  9353 | Lair:1   | Entered Level 1 of the Lair of Beasts
  9357 | Lair:1   | Noticed a cane toad
  9361 | Lair:1   | a cane toad changed into a wind drake
  9858 | D:8      | Noticed a manticore
  9984 | Orc:1    | Entered Level 1 of the Orcish Mines
 10031 | Orc:1    | Reached skill level 14 in Dodging
 11083 | D:10     | Reached skill level 10 in Stealth
 11125 | D:10     | Noticed Josephine
 11165 | D:10     | Reached XP level 11. HP: 54/54 MP: 10/10
 11621 | Orc:2    | Entered Level 2 of the Orcish Mines
 13005 | D:11     | Found Evets's Weapon Boutique.
 13005 | D:11     | Found Cos Belliacw's Book Shop.
 13006 | D:11     | Found Oryudirimn's General Store.
 13028 | D:11     | Bought a book of Spatial Translocations for 288 gold pieces
 13028 | D:11     | Bought the Book of Reconstruction for 544 gold pieces
 13067 | D:11     | Noticed Fannar
 13076 | D:11     | Noticed an ettin
 13082 | D:11     | Found a runed translucent gate.
 13082 | D:11     | Found a runed translucent gate.
 13087 | D:11     | Noticed glosham's ghost (novice MeDe)
 13093 | D:11     | Noticed a two-headed ogre
 13098 | D:11     | Noticed a two-headed ogre
 13121 | D:9      | HP: 2/54 [poisoned by a killer bee]
 13729 | Lair:1   | Learned a level 2 spell: Blink
 13737 | Lair:1   | Learned a level 7 spell: Storm Form
 13816 | Lair:2   | Found a gate leading to a gauntlet.
 13827 | Gauntlet | Entered a Gauntlet
 13827 | Gauntlet | Noticed a balrug
 13827 | Gauntlet | Found a transporter.
 13827 | Gauntlet | Found a transporter.
 13827 | Gauntlet | Found a transporter.
 13827 | Gauntlet | Found a transporter.
 13892 | Gauntlet | Found a transporter.
 13902 | Gauntlet | Found a transporter.
 13917 | Gauntlet | Found a transporter.
 13921 | Gauntlet | Noticed a catoblepas
 13932 | Gauntlet | Found a transporter.
 13942 | Gauntlet | Found a transporter.
 13944 | Gauntlet | Found a large runed translucent door.
 13945 | Gauntlet | Found a large runed translucent door.
 13946 | Gauntlet | Found a large runed translucent door.
 13946 | Gauntlet | Found a large runed translucent door.
 13947 | Gauntlet | Found a runed translucent gate.
 13948 | Gauntlet | Found a transporter.
 13948 | Gauntlet | Found a runed translucent gate.
 13949 | Gauntlet | Found a runed translucent gate.
 13950 | Gauntlet | Found a large runed translucent door.
 13950 | Gauntlet | Found a large runed translucent door.
 13951 | Gauntlet | Found a large runed translucent door.
 13952 | Gauntlet | Found a large runed translucent door.
 13958 | Gauntlet | Noticed a thrashing horror
 13962 | Gauntlet | Found a transporter.
 13964 | Gauntlet | Noticed a thrashing horror
 13982 | Gauntlet | Found a transporter.
 14031 | Gauntlet | Found a large runed translucent door.
 14033 | Gauntlet | Found a large runed translucent door.
 14033 | Gauntlet | Found a large runed translucent door.
 14033 | Gauntlet | Found a large runed translucent door.
 14065 | Gauntlet | Found a large runed translucent door.
 14065 | Gauntlet | Found a large runed translucent door.
 14071 | Gauntlet | Found a runed translucent door.
 14117 | Gauntlet | Found a runed translucent door.
 14118 | Gauntlet | Found a large runed translucent door.
 14118 | Gauntlet | Found a large runed translucent door.
 14164 | Gauntlet | Got Tesamp's Discursus on Weather
 14346 | Gauntlet | Noticed a minotaur
 14355 | Gauntlet | Killed a minotaur
 14356 | Gauntlet | Reached skill level 1 in Spellcasting
 14356 | Gauntlet | Reached skill level 1 in Transmutations
 14581 | Gauntlet | Identified the +1 mace of Nigisme {flame, Int+2}
 14582 | Gauntlet | Got the Information on Corpses
 14651 | Lair:1   | Reached skill level 1 in Air Magic
 14827 | Lair:1   | Reached skill level 10 in Fighting
 15700 | Lair:1   | Reached skill level 10 in Unarmed Combat
 16168 | Lair:2   | Found a staircase to the Shoals.
 16767 | Lair:2   | Reached skill level 15 in Dodging
 17294 | Lair:3   | Noticed a four-headed hydra
 17353 | Lair:3   | Noticed Nessos
 17618 | D:9      | Gained mutation: Your thick and shaggy fur keeps you warm.
                  | (AC +3, rC+) [Felid growth]
 17618 | D:9      | Reached XP level 12. HP: 34/58 MP: 15/15
 18925 | Orc:1    | Learned a level 4 spell: Airstrike
 20165 | D:10     | Noticed Psyche
 20306 | D:10     | Killed Josephine
 20318 | D:10     | Killed Psyche
 20440 | D:10     | Noticed Erica
 20461 | D:10     | Killed Erica
 20632 | D:10     | Killed a two-headed ogre
 20955 | D:10     | Killed a two-headed ogre
 20956 | D:10     | Reached skill level 5 in Transmutations
 21299 | D:11     | Killed Sonja
 21376 | D:11     | Found a runed translucent gate.
 21645 | D:11     | Killed Grum
 21712 | D:11     | Learned a level 2 spell: Passwall
 21854 | D:11     | Found Maumil's General Store.
 21862 | D:11     | Bought a condenser vane for 560 gold pieces
 21862 | D:11     | Bought a scroll of teleportation for 42 gold pieces
 21862 | D:11     | Bought a potion of heal wounds for 70 gold pieces
 21862 | D:11     | Bought a scroll of silence for 133 gold pieces
 21862 | D:11     | Bought a scroll of identify for 28 gold pieces
 21868 | D:11     | Learned a level 3 spell: Swiftness
 22142 | D:11     | Noticed Maurice
 22151 | D:11     | Killed Maurice
 22331 | D:11     | Found Laroheon's Armour Shoppe.
 22443 | D:11     | Killed Fannar
 23073 | D:12     | Noticed a two-headed ogre
 23077 | D:12     | Killed a two-headed ogre
 23551 | D:12     | Found a runed translucent gate.
 23552 | D:12     | Found a runed translucent gate.
 23552 | D:12     | Found a runed translucent gate.
 24062 | D:13     | Noticed a centaur warrior
 24071 | D:13     | Killed a centaur warrior
 24304 | D:13     | Reached skill level 16 in Dodging
 24307 | D:13     | Reached XP level 13. HP: 63/63 MP: 19/19
 24341 | D:13     | Reached skill level 5 in Air Magic
 24914 | D:13     | Noticed Erolcha
 24921 | D:13     | Reached skill level 5 in Spellcasting
 26823 | Lair:5   | Entered Level 5 of the Lair of Beasts
 26823 | Lair:5   | Found a staircase to the Slime Pits.
 26823 | Lair:5   | Found a viscous altar of Jiyva.
 26855 | Lair:3   | Noticed Gastronok
 27131 | Lair:4   | Killed Gastronok
 28547 | Lair:3   | Found a staircase to the Snake Pit.
 29261 | Lair:3   | Noticed a dire elephant
 29309 | Lair:3   | Nessos changed into Nessos the floating eye
 29309 | Lair:3   | Noticed Nessos
 29312 | Lair:3   | Paralysed by Nessos for 2 turns
 29317 | Lair:3   | Killed Nessos the floating eye
 29839 | Lair:3   | Killed a dire elephant
 29840 | Lair:3   | Reached XP level 14. HP: 27/69 MP: 22/22
 30755 | D:11     | Bought a potion of curing for 45 gold pieces
 30755 | D:11     | Bought a potion of haste for 150 gold pieces
 30755 | D:11     | Bought a scroll of magic mapping for 112 gold pieces
 30755 | D:11     | Bought a scroll of amnesia for 60 gold pieces
 30781 | D:11     | Reached skill level 17 in Dodging
 31014 | D:11     | Bought a book of Alchemy for 448 gold pieces
 31014 | D:11     | Bought a book of Blood for 448 gold pieces
 31043 | D:11     | Learned a level 2 spell: Wereblood
 31049 | D:11     | Learned a level 5 spell: Irradiate
 31542 | D:15     | Entered Level 15 of the Dungeon
 31963 | D:15     | Identified the +4 flail "Rerymn" {flame, rN++ Str-4}
 32046 | D:15     | Noticed an orc warlord
 32053 | D:15     | Killed an orc warlord
 33161 | Lair:5   | Succumbed to a black mamba's poison
 33162 | Lair:5   | Reached XP level 13. HP: -6/64 MP: 21/21
 33383 | Lair:5   | Killed a dire elephant
 33390 | Lair:5   | Mangled by an elephant
 33391 | Lair:5   | Reached XP level 12. HP: -7/61 MP: 21/21
 33392 | Lair:5   | Slain by a cane toad

Illustrated notes

Levels and vault maps discovered:
D:1:      dpeg_arrival_rooms_with_view, layout_basic, nrook_mini_vaults,
          grunt_decor_one_mirror
D:2:      layout_rooms, basic_altar, ebering_ecumenical_altar_webs
D:3:      layout_rooms, worldfamousw_hep_ancestral_shrine
D:4:      minmay_skewed_foursquare, layout_basic, serial_shops, shop,
          minmay_misc_feat_more_columns, minivault_5
D:5:      layout_cave_pools, lemuel_doored_altar, minmay_temple_entry_grid,
          chequers_ossuary_entry_cave
D:6:      layout_cave_pools, uniq_duvessa, uniq_maggie
D:7:      layout_basic, hangedman_abyss_or_decor_stabs
D:8:      minmay_chambers_of_sevens, layout_basic, lair_entry_dummy
D:9:      layout_loops_corners, hiddenorc2_lemuel
D:10:     layout_rooms, uniq_erica, uniq_josephine, uniq_psyche
D:11:     layout_irregular_city, gammafunk_ghost_split, serial_shops,
          nicolae_shop_crystal, shop, shop, kennysheep_mini,
          nicolae_diamond_shop, due_unseen_surprise, uniq_grum, uniq_sonja,
          uniq_fannar, uniq_maurice
D:12:     layout_loops_ring, ploomutoo_gammafunk_ghost_potion_laboratory
D:13:     layout_basic, grunt_vaults_entry_tiered, uniq_erolcha
D:14:     minmay_box_of_curves, layout_cave_pools,
          nicolae_concentric_dashed_squares_wild, uniq_azrael
D:15:     hangedman_depths_entry_try_elsewhere_first, layout_irregular_city,
          minmay_tree_intersection, serial_shops, shop,
          hellmonk_guarded_unrand_dark_maul
Temple:   mainiacjoe_temple_big_plus
Lair:1:   layout_regular_city, portal_ice_cave_entry_pillars_2
Lair:2:   layout_hall_layers, minmay_shoals_entry_centaurs,
          gauntlet_entry_generic
Lair:3:   mu_elephants_graveyard, layout_long_grid,
          minmay_snake_entry_guardpost_small, uniq_nessos, uniq_gastronok
Lair:4:   layout_cave_pods
Lair:5:   gammafunk_lair_ancient_temple, layout_cave_pods, slime_entry_1
Orc:1:    layout_diamond_mine, basic_altar, serial_shops,
          nicolae_shop_statue_plus, mines_bat_river, uniq_urug
Orc:2:    st_orc_rangers, layout_caves, nicolae_specific_store, led_sif_book

Skill      XL: |  1  2  3  4  5  6  7  8  9 10 11 12 13 14 |
---------------+-------------------------------------------+-----
Stealth        | 3 4 5 6 7 8 10 | 10.2
Dodging        | 5 6 7 8 13 14 15 16 17 | 17.2
Fighting       | 4 5 6 9 10 11 12 | 12.3
Unarmed Combat | 4 5 6 8 9 10 11 12 | 12.6
Spellcasting   | 3 4 6 |  6.8
Transmutations | 3 6 7 8 |  8.4
Air Magic      | 3 4 7 |  7.0

Action                     |  1- 3 |  4- 6 |  7- 9 | 10-12 | 13-15 || total
---------------------------+-------+-------+-------+-------+-------++-------
  Melee: Unarmed           |    87 |   226 |   223 |  1172 |   749 ||  2457
         Bite              |    10 |    23 |    25 |   181 |   144 ||   383
         Punch             |     2 |     5 |     6 |    81 |    90 ||   184
   Cast: Passwall          |       |       |       |       |     2 ||     2
         Wereblood         |       |       |       |       |     1 ||     1
 Invoke: Potion Petition   |       |       |       |     1 |     5 ||     6
  Evoke: Wand              |       |     5 |     3 |    49 |    18 ||    75
         Condenser vane    |       |       |       |     1 |     2 ||     3
         Box of beasts     |       |       |       |       |     1 ||     1
    Use: Potion            |       |     5 |     7 |     8 |     8 ||    28
         Scroll            |       |       |    12 |    10 |     7 ||    29
   Stab: Sleeping          |     9 |     9 |    12 |    14 |     9 ||    53
         Distracted        |       |       |     3 |    14 |     7 ||    24
         Confused          |       |       |       |       |     2 ||     2
 Armour: Skin              |     5 |    20 |    25 |    87 |    74 ||   211
  Dodge: Dodged            |    71 |   199 |   208 |  1674 |   696 ||  2848
  Block: Other             |       |       |     2 |   256 |   109 ||   367

Table legend: (Time is in decaauts)
 A = Elapsed time spent in this place.
 B = Non-inter-level travel time spent in this place.
 C = Inter-level travel time spent in this place.
 D = Time resting spent in this place.
 E = Time spent auto-exploring this place.
 F = Levels seen in this place.
 G = Mean time per level.
                   A        B        C        D        E       F      G
               +--------+--------+--------+--------+--------+-----+--------+
         Total |  29797 |  27759 |   2038 |  11655 |  10332 |  24 | 1241.5 |
       Dungeon |  18051 |  16615 |   1436 |   6235 |   6983 |  15 | 1203.4 |
        Temple |    445 |    396 |     49 |    242 |    137 |   1 |  445.0 |
          Lair |   7720 |   7224 |    496 |   2554 |   2946 |   5 | 1544.0 |
  Orcish Mines |   2877 |   2820 |     57 |   2284 |    163 |   2 | 1438.5 |
      Gauntlet |    703 |    703 |      0 |    338 |    101 |   1 |  703.0 |
               +--------+--------+--------+--------+--------+-----+--------+

Top non-repeatable levels by time:
     D:9: 4205 daAuts
   Orc:1: 2772 daAuts
    D:10: 2482 daAuts
  Lair:3: 2338 daAuts
  Lair:4: 1938 daAuts
  Lair:2: 1841 daAuts
     D:8: 1751 daAuts
    D:13: 1713 daAuts
    D:11: 1518 daAuts
  Lair:1: 1331 daAuts
    D:12: 1208 daAuts
     D:4: 972 daAuts
     D:7: 913 daAuts
Gauntlet: 703 daAuts
     D:5: 693 daAuts
